AoeStats
← Kaiser Ze

Arabia

509249240Analyzed
1v1 RM · 7d ago on Sep 26, 2026· 37m 33s· 2 players
Game mode
Random Map
Map size
Tiny (2 player)
Population
200
Speed
Normal
Resources
Standard
Victory
Conquest
Starting age
Dark Age
Ending age
Imperial Age
RankedLock teamsTeams togetherTeam positionsShared explorationLock speedFull tech treeHidden civsTurbo modeCheats
Victory
Defeat
🇨🇳 Ethiopians · China
1191
+17
🇹🇼 Franks · Taiwan
1222
-17
Kaiser Ze
5:51 Loom
9:33 Feudal Age
11:38 Double-Bit Axe
14:43 Fletching
21:05 Castle Age
20:31 Gold Mining
20:49 Padded Archer Armor
21:51 Husbandry
21:52 Crossbowman
25:44 Wheelbarrow
25:12 Bodkin Arrow
25:42 Ballistics
26:43 Leather Archer Armor
31:22 Horse Collar
37:14 Imperial Age
35:10 Squires
35:52 Bow Saw
larryluo72
6:44 Loom
9:07 Feudal Age
10:13 Double-Bit Axe
19:04 Padded Archer Armor
22:12 Castle Age
20:42 Fletching
21:12 Scale Barding Armor
23:02 Gold Mining
23:25 Bow Saw
24:33 Forging
24:56 Husbandry
26:08 Wheelbarrow
30:58 Iron Casting
36:25 Chain Barding Armor
Connection lost

Rejoining the realm…

Still unreachable

The connection could not be restored.

Session expired

The server has moved on; the page needs a fresh start.